 Dungeon Crawl Stone Soup version 0.15-a0-2036-g5428f20 (webtiles) character file.

1796 MrRokkomies the Archer (level 8, -8/54 HPs)
             Began as a Demonspawn Arcane Marksman on July 13, 2014.
             Was a Priest of Makhleb.
             Mangled by an ogre
             ... wielding a +0 giant club
              (30 damage)
             ... on Level 5 of the Dungeon.
             The game lasted 00:27:37 (7494 turns).

MrRokkomies the Archer (Demonspawn Arcane Marksman) Turns: 7494, Time: 00:27:37

HP  -8/54        AC 10     Str 11      XL: 8   Next: 83%
MP   8/10        EV 12     Int 17      God: Makhleb [***...]
Gold 217         SH  0     Dex 13      Spells:  3 memorised,  3 levels left

rFire  . . .     SeeInvis .     a - +1 shortbow
rCold  . . .     Clarity  .     D - +2 robe {rN+}
rNeg   + . .     rCorr    .     (no shield)
rPois  .         rRot     .     J - +0 helmet
rElec  .         Spirit   .     k - +2 cloak {+Inv} (curse)
SustAb .         Warding  .     (no gloves)
rMut   .         Stasis   .     o - +0 pair of boots
Gourm  .                        (no amulet)
MR     .....                    (no ring)
                                (no ring)

@: not resistant to hostile enchantments, very unstealthy
A: hooves 1, molten scales 1, demonic guardian 1, powered by pain 1
a: Minor Destruction, Lesser Servant of Makhleb, Renounce Religion, Evoke
Invisibility


You were on level 5 of the Dungeon.
You worshipped Makhleb.
Makhleb was most pleased with you.
You were not hungry.

You visited 1 branch of the dungeon, and saw 6 of its levels.

You collected 217 gold pieces.

Inventory:

Hand weapons
 a - a +1 shortbow (weapon)
 b - a +2 whip of freezing
 r - a +0 blowgun
 C - a +1 trident of protection
Missiles
 c - 22 arrows (quivered)
 e - 3 arrows of dispersal
 s - 25 poisoned needles
 I - a throwing net
Armour
 k - a cursed +2 cloak of darkness (worn)
 o - a +0 pair of boots (worn)
 D - a +2 robe of positive energy (worn)
 J - a +0 helmet (worn)
Magical devices
 y - a wand of enslavement (20)
 H - a wand of confusion (5)
Comestibles
 f - 3 bread rations
 l - 4 royal jellies
 q - a slice of pizza
 t - a beef jerky
 w - 3 fruits
 A - 2 meat rations
 K - 2 rotting chunks of orc flesh
Scrolls
 g - a scroll of enchant weapon
 i - a scroll of immolation
 x - 3 scrolls of recharging
 F - a scroll of identify
 G - a scroll of remove curse
Potions
 h - a potion of restore abilities
 j - 7 potions of heal wounds
 m - a potion of mutation {unknown}
 n - 2 potions of haste {unknown}
 p - a potion of might {unknown}
 u - a potion of flight {unknown}
 v - a potion of lignification {unknown}
 z - 2 potions of curing
 B - a potion of agility {unknown}
 E - a potion of poison {unknown}
Books
 d - a book of Debilitation

   Spells                             Type                      Level
   *Corona                            Hexes                        1
   *Slow                              Hexes                        2
   *Inner Flame                       Hexes/Fire                   3
   Enslavement                        Hexes                        4
   Cause Fear                         Hexes                        4
   Leda's Liquefaction                Hexes/Earth                  4


   Skills:
 - Level 1.0 Fighting
 * Level 9.8 Bows
 - Level 1.7 Dodging
 - Level 1.0 Spellcasting
 + Level 5.3 Hexes


You had 3 spell levels left.
You knew the following spells:

 Your Spells              Type           Power        Failure   Level  Hunger
a - Corona                Hex            ###....      2%          1    ##.....
b - Slow                  Hex            ###.....     3%          2    ###....
c - Inner Flame           Hex/Fire       #.......     24%         3    ####...


Dungeon Overview and Level Annotations

Branches:
Dungeon (6/15)             Temple (0/1) D:5

Altars:
Kikubaaqudgha
Makhleb
Sif Muna
Yredelemnul
The Shining One


Innate Abilities, Weirdness & Mutations

You have large cloven feet.
You are partially covered in molten scales (AC +1).
A weak demonic guardian rushes to your aid.
You sometimes gain a little power by taking damage.


Message History

You shoot an arrow. The arrow completely misses the ogre.
Your crimson imp blinks!
Firing (i - inventory. (,) - cycle):
c - 24 arrows (quivered)
Press: ? - help, Shift-Dir - straight line, f/p - ogre
Aim: an ogre, wielding a giant club (severely wounded)
You shoot an arrow. The arrow barely misses the ogre.
Firing (i - inventory. (,) - cycle):
c - 23 arrows (quivered)
Press: ? - help, Shift-Dir - straight line, f/p - ogre
Aim: an ogre, wielding a giant club (severely wounded)
You shoot an arrow. The arrow closely misses the ogre.
The ogre completely misses you.
Casting: Slow
Confirm with . or Enter, or press ? or * to list all spells.
Aiming: Slow
Press: ? - help, Shift-Dir - straight line, f/p - ogre
Aim: an ogre, wielding a giant club (severely wounded)
The ogre resists with significant effort.
The ogre hits you with a giant club!!
Ouch! That really hurt!
You die...

##................####..#........
#.###........#.....##......##..#
#.##............##.........###..
##.(..........##.................
..(>.<..###...########......####.
..####..###...#### ##.....# ##
.#####...#.......######.....# #
..%..............##.........#####
.#####.#.#.....O@[...............
.# #.#........[###############.
.# #......<...)# ## ##
#####.......# #.......# #.......#
#.......# #.......# #########


You could see an ogre.

Vanquished Creatures
  Prince Ribbit (D:4)
  Menkaure (D:5)
  A water moccasin (D:5)
  A sky beast (D:5)
  A black bear (D:5)
  A phantom (D:5)
  Sigmund (D:4)
  A scorpion (D:5)
  A hound (D:4)
  An orc priest (D:5)
  3 orc wizards
  Crazy Yiuf (D:5)
  An iguana (D:5)
  3 worker ants (D:5)
  An ogre zombie (D:5)
  7 adders
  An orc zombie (D:5)
  A shadow imp (D:5)
  A giant mite (D:4)
  4 worms
  An adder skeleton (D:5)
  A gnoll zombie (D:5)
  6 giant geckos
  17 orcs
  3 ball pythons
  8 bats
  A bat zombie (D:5)
  6 giant cockroaches
  7 goblins
  12 hobgoblins
  4 jackals (D:3)
  8 giant newts
  A hobgoblin skeleton (D:5)
  15 kobolds
  A quokka skeleton (D:3)
  11 rats
135 creatures vanquished.

Vanquished Creatures (collateral kills)
  Pikel (D:3)
  The ghost of vYxOr the Covered, an average MiFi of Okawaru (D:3)
  An ogre (D:5)
  A hound (D:4)
  2 orc wizards
  A bat (D:5)
  A giant newt (D:5)
  A butterfly (D:5)
9 creatures vanquished.

Vanquished Creatures (others)
  5 quasits
  8 crimson imps
  8 iron imps
  8 white imps
  7 ufetubi
  4 orcs (D:4)
  A kobold (D:4)
41 creatures vanquished.

Grand Total: 185 creatures vanquished

Notes
Turn   | Place    | Note
--------------------------------------------------------------
     0 | D:1      | MrRokkomies, the Demonspawn Arcane Marksman, began the quest for the Orb.
     0 | D:1      | Reached XP level 1. HP: 15/15 MP: 2/2
   410 | D:1      | Gained mutation: You sometimes gain a little power by taking damage. [demonic ancestry]
   410 | D:1      | Reached XP level 2. HP: 12/21 MP: 1/3
  1649 | D:1      | Gained mutation: You are partially covered in molten scales (AC +1). [demonic ancestry]
  1649 | D:1      | Reached XP level 3. HP: 24/26 MP: 4/4
  1916 | D:2      | Reached skill level 4 in Hexes
  2128 | D:2      | Learned a level 2 spell: Slow
  2624 | D:3      | Found a basalt altar of Yredelemnul.
  2626 | D:3      | Found a burning altar of Makhleb.
  2626 | D:3      | Found an ancient bone altar of Kikubaaqudgha.
  2676 | D:3      | Gained mutation: A weak demonic guardian rushes to your aid. [demonic ancestry]
  2676 | D:3      | Reached XP level 4. HP: 25/32 MP: 3/5
  3271 | D:3      | Became a worshipper of Makhleb the Destroyer
  3582 | D:3      | Noticed vYxOr's ghost (average MiFi)
  3765 | D:3      | Killed vYxOr's ghost
  3765 | D:3      | Reached XP level 5. HP: 23/37 MP: 7/7
  4228 | D:3      | Learned a level 3 spell: Inner Flame
  4273 | D:4      | Reached XP level 6. HP: 36/43 MP: 6/8
  4407 | D:4      | Reached skill level 5 in Bows
  4504 | D:4      | Noticed Prince Ribbit
  4555 | D:4      | Acquired Makhleb's first power
  4671 | D:4      | Killed Prince Ribbit
  4698 | D:4      | Noticed Sigmund
  4720 | D:4      | Killed Sigmund
  4720 | D:4      | Reached skill level 6 in Bows
  4720 | D:4      | Reached XP level 7. HP: 34/48 MP: 6/9
  4755 | D:4      | Noticed a slave
  4756 | D:4      | Noticed a slave
  4757 | D:4      | Noticed a slave
  4762 | D:4      | Noticed a slave
  4796 | D:4      | Noticed Pikel
  4839 | D:3      | Killed Pikel
  4839 | D:3      | Reached skill level 7 in Bows
  4839 | D:3      | Reached skill level 5 in Hexes
  5317 | D:4      | Found a deep blue altar of Sif Muna.
  5388 | D:5      | Entered Level 5 of the Dungeon
  5420 | D:5      | Gained mutation: You have large cloven feet. [demonic ancestry]
  5420 | D:5      | Reached XP level 8. HP: 54/54 MP: 10/10
  5659 | D:4      | Acquired Makhleb's second power
  5734 | D:5      | Reached skill level 8 in Bows
  5785 | D:5      | Found a glowing golden altar of the Shining One.
  5813 | D:5      | Noticed Menkaure
  5949 | D:5      | Killed Menkaure
  6474 | D:5      | Reached skill level 9 in Bows
  6691 | D:5      | Found a staircase to the Ecumenical Temple.
  6964 | D:5      | Acquired Makhleb's third power
  7290 | D:5      | Noticed Crazy Yiuf
  7330 | D:5      | Killed Crazy Yiuf
  7494 | D:5      | Mangled by an ogre

Action                   |  1- 3 |  4- 6 |  7- 9 || total
-------------------------+-------+-------+-------++-------
Melee: Unarmed           |    51 |       |       ||    51
       Short sword       |    76 |       |       ||    76
       Mace              |   116 |    58 |       ||   174
       Trident           |       |    28 |       ||    28
       Whip              |       |       |   141 ||   141
 Fire: Shortbow          |    18 |   125 |   160 ||   303
       Blowgun           |       |     7 |    12 ||    19
 Cast: Corona            |     4 |    18 |    23 ||    45
       Slow              |       |     1 |     6 ||     7
Evoke: Wand              |       |       |     1 ||     1
  Use: Scroll            |    10 |     1 |     1 ||    12
       Potion            |       |       |     1 ||     1
 Stab: Sleeping          |     1 |       |       ||     1
       Distracted        |       |       |     1 ||     1
  Eat: Chunk             |     6 |     7 |     6 ||    19
       Beef jerky        |       |       |     1 ||     1
       Fruit             |       |       |     3 ||     3
